Map: Romanticide LE

Players

HiddenSquid

  • Race: Terran Terran
  • League: Master
  • Spawn Location: 5:00

jamestkirk - Winner!

  • Race: Terran Terran
  • League: Gold
  • Spawn Location: 11:00

VOD

Have the link to the VOD?

Description

Time

  • Played on: June 16, 2021, 7:59 p.m.
  • Length: 18:26
Show
View Real Time Build Order
Export as new Build Order

HiddenSquid Terran 

Build Orders:  

Get SALT Encoding   

  12  0:00  SCV  
  13  0:12  SCV  
  14  0:20  Supply Depot  
  14  0:25  SCV  
  15  0:41  SCV  
  16  0:44  Barracks  
  16  0:53  Barracks  
  16  0:54  SCV  
  17  1:08  Barracks  
  17  1:10  SCV  
  18  1:17  Refinery  
  18  1:23  SCV  
  19  1:31  Marine  
  20  1:36  SCV  
  20  1:38  Supply Depot  
  21  1:41  Marine  
  22  1:48  SCV  
  23  1:59  Marine, Barracks Tech Lab  
  23  2:00  Supply Depot  
  24  2:02  Barracks Tech Lab  
  24  2:07  SCV  
  25  2:11  Refinery  
  25  2:22  Supply Depot  
  25  2:23  Marine  
  25  2:24  Marine  
  25  2:26  Marine  
  25  2:29  SCV  
  29  2:36  Combat Shield  
  29  2:45  Concussive Shells  
  31  2:51  Marauder  
  31  2:57  Marauder  
  33  3:11  Barracks Tech Lab  
  33  3:12  Marauder  
  35  3:18  Marauder  
  35  3:19  Orbital Command  
  37  3:35  Marauder x2  
  37  3:39  Marauder  
  43  3:43  Stimpack  
  43  4:12  Command Center  
  43  4:15  SCV  
  44  4:27  SCV  
  45  4:39  Marine, SCV  
  47  4:47  Marine x2  
  47  4:51  SCV  
  43  5:03  SCV  
  44  5:15  SCV  
  45  5:27  SCV  
  46  5:31  Supply Depot  
  46  5:33  Supply Depot  
  46  5:35  SCV  
  47  5:36  Supply Depot  
  47  5:38  Supply Depot  
  47  5:39  SCV  
  48  5:47  SCV  
  49  5:51  SCV  
  49  5:52  Refinery x2  
  50  5:57  Factory  
  50  5:59  SCV  
  50  6:04  SCV  
  52  6:11  SCV  
  52  6:16  SCV  
  54  6:22  Engineering Bay x2  
  54  6:23  SCV  
  55  6:28  SCV  
  56  6:35  SCV  
  57  6:40  SCV  
  57  6:45  Factory Reactor  
  57  6:46  Starport  
  58  6:48  Command Center  
  58  6:51  Engineering Bay  
  58  6:52  Terran Infantry Armor Level 1  
  58  6:53  Terran Infantry Weapons Level 1  
  58  6:56  Armory  
  58  7:03  SCV  
  59  7:09  Planetary Fortress  
  59  7:15  SCV  
  60  7:21  Armory  
  60  7:24  Starport, Hi-Sec Auto Tracking  
  60  7:27  SCV  
  61  7:35  Factory Reactor  
  61  7:39  SCV  
  62  7:51  SCV  
  62  7:58  Refinery x2  
  63  8:04  SCV  
  64  8:10  Supply Depot  
  64  8:12  Supply Depot x2  
  64  8:18  Starport  
  62  8:20  Factory Reactor  
  62  8:21  Neosteel Armor  
  62  8:23  Missile Turret  
  62  8:26  Marine  
  60  8:27  Marine x2  
  62  8:35  Supply Depot, Missile Turret x2  
  61  8:44  Marine  
  61  8:45  Marine x2  
  61  8:46  Missile Turret  
  62  8:58  Missile Turret  
  62  9:02  Marine x2  
  61  9:03  Marine  
  63  9:17  Supply Depot  
  63  9:24  Barracks  
  63  9:25  Barracks  
  63  9:28  Barracks  
  63  9:30  Barracks, SCV  
  64  9:38  Planetary Fortress  
  64  9:41  Supply Depot, SCV  
  64  9:42  SCV  
  66  9:53  SCV  
  67  10:02  Marauder  
  67  10:03  Marauder x2  
  67  10:04  Supply Depot  
  73  10:09  Terran Infantry Armor Level 2  
  73  10:10  Terran Infantry Weapons Level 2  
  73  10:12  Barracks  
  73  10:14  Barracks  
  73  10:16  Terran Vehicle And Ship Armor Level 1, Barracks  
  73  10:18  Terran Ship Weapons Level 1  
  73  10:20  Barracks  
  73  10:24  Marauder, Medivac  
  73  10:25  Medivac  
  73  10:26  Supply Depot  
  79  10:29  Medivac  
  79  10:31  SCV  
  82  10:39  Barracks Tech Lab x3  
  82  10:43  SCV  
  83  10:50  Barracks Tech Lab  
  83  10:54  Medivac x4  
  90  11:00  SCV  
  91  11:06  Refinery  
  91  11:12  SCV  
  92  11:21  Command Center  
  92  11:24  SCV  
  93  11:26  Barracks Tech Lab x4  
  95  11:32  Marauder  
  95  11:33  Marauder  
  95  11:36  Marauder, SCV  
  95  11:39  Marauder  
  102  11:49  Marauder  
  102  11:50  Marauder  
  106  12:10  Terran Vehicle Weapons Level 1  
  106  12:17  Command Center  
  106  12:34  Marauder x10  
  106  12:36  SCV  
  106  12:48  SCV  
  75  13:12  Marauder  
  77  13:13  Marauder x9  
  77  13:19  Medivac  
  97  13:20  Barracks Tech Lab, Medivac  
  97  13:21  Medivac  
  87  14:16  SCV  
  88  14:18  SCV  
  89  14:28  SCV  
  89  14:30  SCV  
  91  14:32  SCV  
  84  14:40  SCV  
  84  14:42  SCV  
  84  14:44  SCV  
  59  14:52  Marine x11, SCV  
  65  14:54  SCV  
  65  14:56  SCV  
  65  14:57  Viking  
  75  15:00  Viking  
  75  15:06  SCV  
  79  15:07  Planetary Fortress  
  79  15:09  Marine, SCV  
  79  15:10  Marine x10  
  90  15:18  Missile Turret  
  90  15:21  Supply Depot, SCV  
  91  15:22  Supply Depot  
  91  15:26  Refinery  
  91  15:27  Marine, Refinery, SCV  
  91  15:28  Marine x5  
  98  15:39  Terran Infantry Armor Level 3, SCV  
  98  15:40  Terran Infantry Weapons Level 3  
  98  15:41  Missile Turret  
  99  15:44  Supply Depot  
  99  15:45  Supply Depot  
  99  15:51  SCV  
  100  15:57  Refinery  
  100  16:00  Planetary Fortress  
  100  16:01  Supply Depot  
  100  16:03  SCV  
  100  16:04  Supply Depot x2  
  98  16:07  Missile Turret  
  98  16:10  Marauder x3  
  104  16:11  Marauder  
  104  16:12  Missile Turret  
  104  16:15  SCV  
  66  16:49  Marine  
  66  16:50  Marine x8  
  70  17:07  Marine x6  
  70  17:08  Marine x3  
  79  17:15  Medivac  
  79  17:16  Medivac x5  
  79  17:17  Marine  
  86  17:25  Marine x7  
  80  17:39  Marine x3  
  80  17:42  Marine  
  80  17:43  Marine x5  
  84  17:45  Medivac  
  79  17:57  Marine x3  
  76  18:00  Marine  
  76  18:01  Marine x5  
Show
View Real Time Build Order
Export as new Build Order

jamestkirk Terran - Winner!

Build Orders:  

Get SALT Encoding   

  12  0:00  SCV  
  13  0:12  SCV  
  14  0:23  Supply Depot  
  14  0:24  SCV  
  15  0:45  SCV  
  15  0:46  Barracks  
  16  0:50  Refinery  
  17  0:57  SCV  
  17  1:09  SCV  
  18  1:21  SCV  
  19  1:33  Marine  
  19  1:35  Orbital Command  
  20  1:44  Command Center  
  20  1:51  Marine  
  21  2:00  Supply Depot  
  21  2:01  SCV  
  22  2:11  Factory  
  21  2:27  Bunker  
  21  2:29  SCV  
  22  2:36  Barracks Reactor  
  22  2:39  Refinery  
  22  2:41  SCV  
  23  2:53  SCV  
  23  2:55  Factory Tech Lab  
  24  2:59  Barracks  
  24  3:02  Orbital Command  
  24  3:07  SCV  
  25  3:13  Supply Depot  
  25  3:15  Siege Tank  
  25  3:19  SCV  
  29  3:20  Marine x2  
  31  3:34  SCV x2  
  31  3:38  Marine x2  
  35  3:46  SCV x2  
  37  3:48  Barracks Tech Lab  
  37  3:55  Siege Tank  
  37  3:58  SCV x2  
  37  4:02  Starport  
  42  4:10  Supply Depot, SCV x2  
  44  4:31  SCV x2  
  46  4:43  SCV  
  46  4:44  Marine, SCV  
  46  4:45  Marine x2  
  51  4:52  Orbital Command  
  43  5:02  Marine x2  
  43  5:03  Marine  
  43  5:05  Siege Tank  
  48  5:15  Starport Reactor  
  48  5:20  Marine x3, SCV  
  48  5:21  SCV  
  53  5:33  SCV x2  
  55  5:38  Marine x3  
  55  5:41  Siege Tank  
  61  5:45  SCV  
  62  5:56  Marine x3, SCV  
  66  5:57  SCV  
  66  5:59  Supply Depot  
  66  6:00  Supply Depot  
  66  6:03  Command Center  
  67  6:10  Supply Depot  
  67  6:13  Marine, Medivac  
  70  6:20  Marine x2, Medivac  
  74  6:31  Supply Depot  
  74  6:34  Supply Depot  
  74  6:35  SCV  
  74  6:36  SCV  
  74  6:39  Refinery  
  76  6:40  Refinery  
  76  6:48  SCV x2  
  76  6:50  Marine x3  
  76  6:53  Siege Tank  
  84  7:00  SCV x2, Medivac x2  
  90  7:08  Marine x3  
  94  7:22  SCV  
  94  7:23  SCV  
  94  7:28  Supply Depot  
  95  7:31  Supply Depot  
  95  7:35  SCV x2  
  97  7:40  Engineering Bay  
  97  7:41  Engineering Bay  
  97  7:46  Marine x2  
  97  7:47  Marine, SCV x2  
  97  7:49  Medivac x2  
  106  7:58  Barracks  
  106  7:59  SCV  
  106  8:00  Barracks  
  106  8:01  Barracks  
  106  8:04  Marine  
  106  8:05  Command Center, Barracks  
  108  8:14  SCV  
  108  8:15  SCV  
  110  8:26  SCV  
  110  8:27  SCV  
  108  8:29  Stimpack  
  108  8:30  Marine x2  
  108  8:31  Marine  
  108  8:33  Medivac x2  
  111  8:41  Terran Infantry Weapons Level 1, Terran Infantry Armor Level 1  
  111  8:44  Missile Turret  
  111  8:45  Armory  
  109  8:57  Orbital Command  
  109  8:59  SCV  
  109  9:00  SCV  
  103  9:09  Marine x2  
  105  9:10  Marine  
  105  9:11  Medivac  
  105  9:12  Medivac, SCV x2  
  105  9:16  Barracks Reactor x4  
  112  9:27  Command Center  
  112  9:28  Marine x3  
  115  9:32  SCV  
  115  9:33  SCV x2  
  118  9:39  Terran Vehicle Weapons Level 1  
  118  9:44  SCV  
  118  9:45  Marine, SCV x2  
  121  9:46  Marine x2  
  121  9:52  Supply Depot  
  124  9:55  Supply Depot x2  
  124  10:04  Refinery x2  
  124  10:09  SCV x3  
  124  10:10  Command Center, Marine  
  128  10:15  Planetary Fortress  
  128  10:19  Marine  
  128  10:20  Marine  
  128  10:21  Marine, SCV x2  
  131  10:22  Marine  
  131  10:26  Marine x4  
  131  10:28  Marine  
  139  10:29  Marine  
  139  10:30  Marine  
  141  10:42  Marine x4  
  145  10:43  Marine  
  145  10:44  Marine  
  145  10:45  Medivac  
  145  10:46  Medivac  
  145  10:48  SCV x3  
  154  10:52  Terran Infantry Weapons Level 2  
  154  10:53  Terran Infantry Armor Level 2  
  154  11:00  SCV x3  
  154  11:02  Marine x10  
  154  11:03  Marine  
  168  11:12  SCV x3  
  171  11:19  Marine  
  171  11:20  Marine x5  
  171  11:21  Marine x5  
  171  11:23  Medivac x2  
  171  11:24  SCV  
  187  11:32  SCV x2  
  189  11:36  SCV  
  189  11:37  Marine  
  191  11:44  SCV  
  191  11:45  Barracks  
  191  11:46  Barracks  
  192  11:47  Barracks  
  192  11:49  Marine x8  
  192  11:50  Barracks  
  200  12:00  Missile Turret  
  200  12:08  Missile Turret  
  200  12:18  Planetary Fortress  
  199  12:37  Missile Turret  
  179  12:46  Marine x9  
  179  12:49  Barracks Reactor x2, Barracks Tech Lab  
  186  13:07  Barracks Reactor  
  186  13:11  Barracks  
  186  13:13  Command Center  
  186  13:15  Barracks x3  
  183  13:40  Marine  
  183  13:41  Marine x11  
  180  13:42  Marine x2  
  178  13:50  Marauder  
  178  13:51  Marauder  
  140  14:08  Marine x16  
  155  14:12  Marauder x2  
  155  14:13  Barracks Tech Lab x4  
  159  14:24  Thor  
  159  14:25  Marine  
  159  14:26  Marine x2  
  168  14:33  Marauder x2  
  167  14:44  Marauder  
  165  14:45  Marauder  
  165  14:46  Marauder x2  
  165  14:47  Marine x16  
  185  14:54  Marauder  
  185  14:55  Marauder  
  189  15:04  Marine  
  189  15:05  Marine x2  
  189  15:06  Marauder  
  189  15:07  Marauder x2  
  196  15:08  Terran Infantry Weapons Level 3  
  196  15:09  Terran Vehicle Weapons Level 2, Terran Infantry Armor Level 3  
  198  15:16  Marauder  
  200  15:23  Planetary Fortress  
  200  15:40  Refinery x2  
  200  15:56  Missile Turret  
  200  16:02  Command Center  
  188  16:09  Marauder x2  
  188  16:10  Marauder x4  
  177  16:37  Marine x5, Marauder x5  
  177  16:38  Marine x11  
  177  16:39  Marine  
  183  16:40  Thor  
  171  16:57  Marauder  
  171  16:58  Marauder x4  
  171  16:59  Marauder  
  181  17:05  Barracks  
  181  17:07  Barracks  
  179  17:13  Barracks  
  177  17:17  Barracks  
  177  17:18  Marine x15, Marauder  
  177  17:19  Marine, Marauder  
  177  17:20  Marauder, Barracks  
  177  17:22  Barracks  
  193  17:33  Marauder  
  193  17:34  Marauder x2  
  193  17:36  Marine x4, Thor  
  196  17:40  Marauder  
  196  17:41  Marauder x2  
  183  17:55  Marauder x3  
  183  17:56  Command Center  
  186  18:01  Marauder  
  186  18:02  Marauder  
  188  18:05  Starport  
Tags
 
Matchup
TvT
Race
Terran
Spawn Locations
Cross Positions
Add a new tag
Caveats
  • Supply blocks, unpowered buildings, or Contaminate may cause inaccurate times.
  • Supply counts are checked every 10 seconds.